 Dungeon Crawl Stone Soup version 0.30-a0-304-gdc4b735fe1 (webtiles) character file.

Game seed: 1836896276294326281

86 sleeves the Sneak (level 4, -3/35 HPs)
             Began as a Mummy Delver on Oct 20, 2022.
             Slain by a gnoll bouda
             ... wielding a +0 whip
              (8 damage)
             ... on level 4 of the Dungeon.
             The game lasted 00:04:21 (751 turns).

sleeves the Sneak (Mummy Delver)                     Turns: 751, Time: 00:04:21

Health: -3/35      AC:  3    Str: 15    XL:     4   Next: 27%
Magic:  3/4        EV: 11    Int: 11    God:
Gold:   0          SH:  0    Dex: 13    Spells: 2/3 levels left

rFire   x . .      SeeInvis .    a - +0 spear
rCold   + . .      Faith    +    (no shield)
rNeg    + + +      Spirit   .    b - +0 leather armour
rPois   ∞          Reflect  .    (no helmet)
rElec   .          Harm     .    (no cloak)
rCorr   .          Rampage  .    (no gloves)
Will    .....                    (no boots)
Stlth   ++........               (no amulet)
HPRegen 0.25/turn                (no ring)
MPRegen 0.09/turn                (no ring)

@: weakened
A: cold resistance 1, negative energy resistance 3, torment resistance 2, heat
vulnerability 1, in touch with death 1, no potions, faith
a: no special abilities


You were on level 4 of the Dungeon.
You visited 1 branch of the dungeon, and saw 3 of its levels.

Inventory:

Hand Weapons
 a - a +0 spear (weapon)
Armour
 b - a +0 leather armour (worn)
Wands
 f - a wand of digging (2)


   Skills:
 - Level 3.0 Fighting
 - Level 3.0 Polearms
 - Level 1.5 Dodging
 - Level 4.1 Stealth
 + Level 2.0 Summonings


You had 2 spell levels left.
You knew the following spells:

 Your Spells              Type           Power      Damage    Failure   Level
a - Summon Small Mammal   Summ           16%        N/A       19%         1

Your spell library contained the following spells:

 Spells                   Type           Power      Damage    Failure   Level
 Call Canine Familiar     Summ           4%         N/A       50%         3
 Summon Guardian Golem    Hex/Summ       2%         N/A       65%         3


Dungeon Overview and Level Annotations

Branches:
Dungeon (6/15)
 Temple: D:4-7

Altars:

Annotations:
D:5 Grinder


Innate Abilities, Weirdness & Mutations

You are immune to poison.
Your flesh is cold resistant. (rC+)
You are immune to negative energy. (rN+++)
You are immune to unholy pain and torment.
You are vulnerable to heat. (rF-)
You are in touch with the powers of death.
You do not drink.
You have a special connection with the divine. (Faith)


Message History

Welcome, sleeves the Mummy Delver.
Everyone else who sought the Orb of Zot has failed.
Will you be different?
Press ? for a list of commands and other information.
Found a stone staircase leading down.
You climb downwards.
Found a dark potion.
There is a stone staircase leading up here.
You climb upwards.
There is a stone staircase leading down here.
A quokka comes into view.
Found 16 gold pieces.
The quokka twitches its whiskers.
Reach: a) +0 spear
Press: ? - help, Dir - move target, f - quokka
Aim: a quokka (about 50% to evade your +0 spear)
You reach to attack!
You hit the quokka.
The quokka is heavily wounded.
Reach: a) +0 spear
Press: ? - help, Dir - move target, f/p - quokka
Aim: a quokka (heavily wounded, about 50% to evade your +0 spear)
You hit the quokka.
The quokka is severely wounded.
The quokka bites you but does no damage.
Reach: a) +0 spear
Press: ? - help, Dir - move target, f/p - quokka
Aim: a quokka (severely wounded, about 50% to evade your +0 spear)
You miss the quokka.
The quokka is severely wounded.
The quokka closely misses you.
Reach: a) +0 spear
Press: ? - help, Dir - move target, f/p - quokka
Aim: a quokka (severely wounded, about 50% to evade your +0 spear)
You hit the quokka but do no damage.
The quokka is severely wounded.
The quokka bites you.
The quokka bites you but does no damage.
Unknown command.
Reach: a) +0 spear
Press: ? - help, Dir - move target, f/p - quokka
Aim: a quokka (severely wounded, about 50% to evade your +0 spear)
You closely miss the quokka.
The quokka is severely wounded.
The quokka barely misses you.
Reach: a) +0 spear
Press: ? - help, Dir - move target, f/p - quokka
Aim: a quokka (severely wounded, about 50% to evade your +0 spear)
You miss the quokka.
The quokka is severely wounded.
The quokka bites you but does no damage.
Reach: a) +0 spear
Press: ? - help, Dir - move target, f/p - quokka
Aim: a quokka (severely wounded, about 50% to evade your +0 spear)
You completely miss the quokka.
The quokka is severely wounded.
The quokka bites you but does no damage.
Reach: a) +0 spear
Press: ? - help, Dir - move target, f/p - quokka
Aim: a quokka (severely wounded, about 50% to evade your +0 spear)
You hit the quokka but do no damage.
The quokka is severely wounded.
The quokka closely misses you.
Reach: a) +0 spear
Press: ? - help, Dir - move target, f/p - quokka
Aim: a quokka (severely wounded, about 50% to evade your +0 spear)
You closely miss the quokka.
The quokka is severely wounded.
The quokka barely misses you. The quokka bites you.
Reach: a) +0 spear
Press: ? - help, Dir - move target, f/p - quokka
Aim: a quokka (severely wounded, about 50% to evade your +0 spear)
You hit the quokka.
You kill the quokka!
Unknown command.
HP restored.
Found a crooked iron wand.
Found a book of Callings.
g - a wand of iceblast (4)
You pick up a book of Callings and begin reading...
You add the spells Summon Small Mammal, Call Canine Familiar and Summon Guardian Golem to your library.
Found a quarterstaff.
Found 16 gold pieces.
An ogre comes into view. It is wielding a +0 giant club.
A hound comes into view.
A hound is nearby!
A hound is nearby!
The hound barks!
Okay, then.
You can't drink.
Okay, then.
Aiming: Iceblast
Press: ? - help, Shift-Dir - straight line, f - hound
Aim: a hound
Okay, then.
Aiming: Iceblast
Press: ? - help, Shift-Dir - straight line, f - hound
Aim: a hound The mass of ice explodes!
The iceblast engulfs the hound!
The hound is almost dead.
You hear a shout!
Aiming: Iceblast
Press: ? - help, Shift-Dir - straight line, p - hound The mass of ice explodes!
The iceblast engulfs the hound!
You kill the hound!
You hear a shout! x2
Your Polearms skill increases to level 2!
You have reached level 2!
You have reached level 3!
Your experience leads to an increase in your attributes!
Increase (S)trength, (I)ntelligence, or (D)exterity?
You feel clever. x2
You feel more in touch with the powers of death.
Okay, then.
Okay, then.
Grinder comes into view.
As you read the scroll of magic mapping, it crumbles to dust.
You feel aware of your surroundings.
You sensed 1 altar, and 6 shops/portals.
An ogre is nearby!
You start waiting.
Done waiting.
A quokka comes into view.
You reach to attack!
You strike the helpless quokka from behind!
You hit the quokka.
The quokka is almost dead.
The quokka bites you but does no damage.
You miss the quokka.
The quokka is almost dead.
The quokka bites you but does no damage.
You hit the quokka.
You kill the quokka!
You see here a quokka corpse.
An orc wizard comes into view. It is wielding a +0 dagger.
You see here a hound skeleton.
Found a stone staircase leading up.
An iguana comes into view.
Found a scroll labelled TIASTY REIWK.
The iguana hisses angrily.
The iguana bites you.
The teleport trap disappears.
The iguana disappears!
You open the door.
Found a white marble altar of Elyvilon.
There is an open door here.
There is a white marble altar of Elyvilon here.
You close the door.
You start resting.
HP restored.
You start waiting.
Done waiting.
You open the door.
There is an open door here.
There is a stone staircase leading up here.
You climb upwards.
The gnoll shouts! x2
Found 18 gold pieces.
There is a stone staircase leading down here.
The gnoll hits you with a +0 spear.
The gnoll throws a throwing net.
The throwing net hits you.
You become entangled in the net!
You stop descending the stairs.
The gnoll completely misses you.
The gnoll bouda shouts!
As you read the scroll of fear, it crumbles to dust.
You assume a fearsome visage.
The gnoll bouda looks frightened!
The gnoll looks frightened! x5
You hear a shout! x3
A goblin comes into view. It is wielding a +0 dagger.
You struggle against the net.
You tear a large gash into the net.
You struggle against the net.
You shred the net and break free!
Okay, then.
You climb downwards.
Level annotation: Grinder
There is a stone staircase leading up here.
HP restored.
Found 10 gold pieces.
Found a giant club.
Found a stone staircase leading up.
An iguana is nearby!
The iguana hisses angrily.
There is a stone staircase leading up here.
You climb upwards.
There is a stone staircase leading down here.
An orc comes into view. It is wielding a +0 hand axe.
As you read the scroll of fog, it crumbles to dust.
The scroll dissolves into smoke.
The gnoll hits you from afar with a +0 spear.
Aiming: Dig
Press: ? - help, Shift-Dir - straight line A rock wall.
The rock shatters into small pieces.
The gnoll hits you from afar with a +0 spear!
Aiming: Iceblast
Press: ? - help, Shift-Dir - straight line, f - orc
Aim: an orc, wielding a +0 hand axe The mass of ice explodes!
The iceblast engulfs the orc!!
You kill the orc!
The iceblast engulfs the gnoll!
The gnoll is severely wounded.
The gnoll closely misses you.
Training target 3.0 for Polearms reached!
Your Polearms skill increases to level 3!
Aiming: Iceblast
Press: ? - help, Shift-Dir - straight line, f - gnoll
Aim: a gnoll, wielding a +0 halberd (severely wounded)
The mass of ice explodes!
The iceblast engulfs the gnoll!
You kill the gnoll!
The iceblast engulfs the gnoll!
The gnoll is severely wounded.
The now-empty wand crumbles to dust.
Reach: a) +0 spear
Press: ? - help, Dir - move target, f - gnoll
Aim: a gnoll, wielding a +0 spear (severely wounded, about 35% to evade your +0 spear)
You reach to attack!
You hit the gnoll.
You kill the gnoll!
Your Summonings skill increases to level 1!
Reach: a) +0 spear
Press: ? - help, Dir - move target, f - goblin
Aim: a goblin, wielding a +0 dagger (about 45% to evade your +0 spear)
You hit the goblin but do no damage. The goblin hits you but does no damage.
You completely miss the goblin. The goblin barely misses you.
You closely miss the goblin. The goblin closely misses you.
You hit the goblin but do no damage. The goblin hits you but does no damage.
You hit the goblin.
You kill the goblin!
You start resting.
HP restored.
You don't know any spells.
Okay, then.
Unknown command.
You don't know any spells.
Memorise Summon Small Mammal, consuming 1 spell level and leaving 1?
You start memorising the spell.
You continue memorising.
You finish memorising.
Spell assigned to 'a'.
You see here a +0 dagger.
Things that are here:
a +0 spear; a +0 halberd; a gnoll corpse A hound comes into view.
You see here a +0 hand axe.
Things that are here:
a +0 spear; a +0 halberd; a gnoll corpse
Casting: Summon Small Mammal (safe; 26% risk of failure)
Confirm with . or Enter, or press ? or * to list all spells.
Casting: Summon Small Mammal (safe; 26% risk of failure)
Confirm with . or Enter, or press ? or * to list all spells.
You miscast Summon Small Mammal.
You are very lightly contaminated with residual magic.
Nothing appears to happen.
You see here a +0 hand axe.
Casting: Summon Small Mammal (safe; 26% risk of failure)
Confirm with . or Enter, or press ? or * to list all spells.
The hound barks!
You swap places.
The hound bites you but does no damage.
Your rat bites the hound.
You miss the hound.
The hound is lightly wounded.
The hound closely misses you.
Your rat closely misses the hound.
Your magical contamination has completely faded away.
You miss the hound.
The hound is lightly wounded.
The hound bites you but does no damage.
You closely miss the hound.
The hound is lightly wounded.
The hound closely misses you.
Your rat closely misses the hound.
The hound misses you.
You hit the hound.
The hound is moderately wounded.
Your rat closely misses the hound.
Your rat bites the hound but does no damage.
The hound bites you.
You barely miss the hound.
The hound is moderately wounded.
The hound barely misses you.
Your rat bites the hound.
Your rat misses the hound. The hound barely misses you.
You miss the hound.
The hound is moderately wounded.
Your rat barely misses the hound.
Your rat bites the hound.
The hound closely misses you.
You barely miss the hound.
The hound is moderately wounded.
The hound barely misses you.
Your rat bites the hound but does no damage.
Your rat misses the hound. The hound closely misses you.
You hit the hound.
The hound is moderately wounded.
Your rat closely misses the hound.
Your rat bites the hound but does no damage.
The hound misses you.
You barely miss the hound.
The hound is moderately wounded.
The hound barely misses you.
Your rat closely misses the hound.
Your rat misses the hound. The hound closely misses you.
You hit the hound but do no damage.
The hound is moderately wounded.
Your rat misses the hound.
Your rat barely misses the hound.
The hound bites you but does no damage.
You hit the hound.
The hound is heavily wounded.
The hound bites you.
Your rat bites the hound but does no damage.
Your rat barely misses the hound.
You barely miss the hound.
The hound is heavily wounded.
The hound bites you.
Your rat bites the hound.
Your rat barely misses the hound.
The hound bites your rat.
You closely miss the hound.
The hound is severely wounded.
The hound barely misses you.
Your rat completely misses the hound.
Your rat bites the hound.
You hit the hound.
The hound is almost dead.
The hound bites you.
Your rat bites the hound.
The hound dies!
Your Summonings skill increases to level 2!
You have reached level 4!
Things that are here:
a +0 spear; a +0 halberd; a gnoll corpse You see here a +0 dagger.
Your rat disappears in a puff of smoke!
You start resting.
Your rat disappears in a puff of smoke!
Magic restored.
You start resting.
HP restored.
Okay, then.
You see here a +0 dagger.
Things that are here:
a +0 spear; a +0 halberd; a gnoll corpse A gnoll bouda comes into view.
It is wielding a +0 whip.
The gnoll bouda shouts!
Casting: Summon Small Mammal (safe; 19% risk of failure)
Confirm with . or Enter, or press ? or * to list all spells.
The gnoll bouda gazes fiercely through you!
You feel your attacks grow feeble.
Casting: Summon Small Mammal (safe; 19% risk of failure)
Confirm with . or Enter, or press ? or * to list all spells.
You miscast Summon Small Mammal.
You are very lightly contaminated with residual magic.
Nothing appears to happen.
The gnoll bouda barks out a call to the hunt!
The gnolls pick up the pace!
The gnoll shouts!
You hear a shout!
Casting: Summon Small Mammal (safe; 19% risk of failure)
Confirm with . or Enter, or press ? or * to list all spells.
A gnoll comes into view. It is wielding a +0 whip.
The gnoll bouda gazes fiercely through you!
You feel as though you will be weak longer.
Your rat closely misses the gnoll bouda.
Your rat barely misses the gnoll bouda.
The gnoll bouda hits your rat with a +0 whip!
Your rat dies!
Your rat's corpse disappears in a puff of smoke!
Your rat misses the gnoll bouda.
Your rat barely misses the gnoll bouda.
The gnoll hits your rat with a +0 whip!
Your rat dies!
Your rat's corpse disappears in a puff of smoke!
The gnoll bouda gazes fiercely through you!
You feel as though you will be weak longer.
Okay, then.
You aren't carrying any scrolls.
Unknown command.
You can't drink.
Okay, then.
Your magical contamination has completely faded away.
Things that are here:
a +0 spear; a +0 halberd; a gnoll corpse The gnoll bouda barks out a call to the hunt!
You see here a +0 dagger.
Casting: Summon Small Mammal (safe; 19% risk of failure)
Confirm with . or Enter, or press ? or * to list all spells.
The gnoll hits you from afar with a +0 spear!
Reach: a) +0 spear
Press: ? - help, Dir - move target, f - gnoll
Aim: a gnoll, wielding a +0 spear (covering ground quickly, ally target, about 35% to evade your +0 spear)
You reach to attack!
You hit the gnoll.
The gnoll is lightly wounded.
The gnoll barely misses you.
Reach: a) +0 spear
Press: ? - help, Dir - move target, f/p - gnoll
Aim: a gnoll, wielding a +0 spear (lightly wounded, covering ground quickly, ally target, about 35% to evade your +0 spear)
You reach to attack!
You hit the gnoll.
The gnoll is lightly wounded.
The gnoll bouda barks out a call to the hunt!
Your rat bites the gnoll bouda but does no damage.
You hear a shout!
Reach: a) +0 spear
Press: ? - help, Dir - move target, f - gnoll bouda, p - gnoll
Aim: a gnoll bouda, wielding a +0 whip and wearing a +0 leather armour (covering ground quickly, about 35% to evade your +0 spear)
You could not reach far enough!
The gnoll bouda is no longer moving quickly.
The gnoll is no longer moving quickly.
The gnoll bouda barks out a call to the hunt!
The gnoll picks up the pace!
Your rat closely misses the gnoll bouda.
The gnoll bouda barks out a call to the hunt!
The gnolls pick up the pace!
Reach: a) +0 spear
Press: ? - help, Dir - move target, f/p - gnoll bouda
Aim: a gnoll bouda, wielding a +0 whip and wearing a +0 leather armour (covering ground quickly, about 35% to evade your +0 spear)
You could not reach far enough!
Your rat bites the gnoll bouda but does no damage.
The gnoll bouda barks out a call to the hunt!
The gnoll bouda hits your rat with a +0 whip.
Your rat dies!
Your rat's corpse disappears in a puff of smoke!
Reach: a) +0 spear
Press: ? - help, Dir - move target, f/p - gnoll bouda
Aim: a gnoll bouda, wielding a +0 whip and wearing a +0 leather armour (covering ground quickly, about 35% to evade your +0 spear)
You reach to attack!
You hit the gnoll bouda but do no damage.
You barely miss the gnoll bouda.
The gnoll bouda hits you with a +0 whip.
You hit the gnoll bouda but do no damage.
Your attacks no longer feel as feeble.
The gnoll bouda gazes fiercely through you!
You feel your attacks grow feeble.
The gnoll hits you from afar with a +0 spear.
A gnoll comes into view.
It is wielding a +0 flail of protection.
The gnoll bouda gazes fiercely through you!
You feel as though you will be weak longer.
You hit the gnoll bouda but do no damage.
The gnoll is no longer moving quickly.
The gnoll misses you.
The gnoll bouda barks out a call to the hunt!
The gnoll picks up the pace!
The gnoll bouda gazes fiercely through you!
You feel as though you will be weak longer.
You hear a shout!
The gnoll shouts!
You hit the gnoll bouda.
The gnoll bouda is lightly wounded.
The gnoll closely misses you.
You hit the gnoll bouda but do no damage.
The gnoll bouda is lightly wounded.
The gnoll bouda closely misses you.
You hit the gnoll bouda but do no damage.
The gnoll bouda is lightly wounded.
The gnoll bouda is no longer moving quickly.
The gnoll bouda calls upon its god to heal the gnoll bouda.
The gnoll bouda's wounds heal themselves!
You barely miss the gnoll bouda. Your punch misses the gnoll bouda.
The gnoll bouda gazes fiercely through you!
You feel as though you will be weak longer.
The gnoll bouda hits you with a +0 whip.
* * * LOW HITPOINT WARNING * * *
The gnoll bouda gazes fiercely through you!
You feel as though you will be weak longer.
You hit the gnoll bouda.
The gnoll bouda is lightly wounded.
The gnoll bouda barks out a call to the hunt!
The gnoll bouda picks up the pace!
You hit the gnoll bouda.
The gnoll bouda is moderately wounded.
The gnoll is no longer moving quickly.
The gnoll bouda hits you with a +0 whip.
* * * LOW HITPOINT WARNING * * *
You hit the gnoll bouda but do no damage.
The gnoll bouda is moderately wounded.
The gnoll is no longer moving quickly.
The gnoll bouda hits you with a +0 whip.
* * * LOW HITPOINT WARNING * * *
You hit the gnoll bouda.
The gnoll bouda is moderately wounded.
The gnoll is no longer moving quickly.
You hit the gnoll bouda.
The gnoll bouda is moderately wounded.
The gnoll is no longer moving quickly.
The gnoll bouda gazes fiercely through you!
You feel as though you will be weak longer.
The gnoll bouda hits you with a +0 whip.
* * * LOW HITPOINT WARNING * * *
You completely miss the gnoll bouda.
The gnoll bouda is moderately wounded.
The gnoll bouda barks out a call to the hunt!
The gnolls pick up the pace!
You hit the gnoll bouda.
The gnoll bouda is moderately wounded.
The gnoll bouda hits you with a +0 whip.
* * * LOW HITPOINT WARNING * * *
You hit the gnoll bouda but do no damage.
The gnoll bouda is moderately wounded.
The gnoll bouda closely misses you.
You closely miss the gnoll bouda.
The gnoll bouda is moderately wounded.
The gnoll bouda is no longer moving quickly.
The gnoll bouda hits you but does no damage.
You hit the gnoll bouda.
The gnoll bouda is severely wounded.
The gnoll bouda hits you with a +0 whip!
You die...

#######
#.....#
#.....#
#.....# ###
#.....# ##@#
#.....#
##g##
#.....#
##g##
#.....###g##
#.....##g##
#.....#g##
#....gg##
#.....##
#.†...#


You could see 2 gnoll boudas and 5 gnolls.

Vanquished Creatures
  A hound (D:5)
  2 gnolls (D:4)
  An orc (D:4)
  2 quokkas (D:5)
  A goblin (D:4)
7 creatures vanquished.

Vanquished Creatures (collateral kills)
  A hound (D:4)
1 creature vanquished.

Grand Total: 8 creatures vanquished

Notes
Turn   | Place    | Note
-------+----------+-------------------------------------------
     0 | D:5      | sleeves the Mummy Delver began the quest for the Orb.
     0 | D:5      | Reached XP level 1. HP: 18/18 MP: 1/1
   113 | D:5      | Noticed an ogre
   117 | D:5      | Noticed a hound
   122 | D:5      | Killed a hound
   123 | D:5      | Reached skill level 2 in Polearms
   123 | D:5      | Reached XP level 2. HP: 24/24 MP: 2/2
   123 | D:5      | Gained mutation: You are in touch with the powers of death.
                  | [Mummy growth]
   123 | D:5      | Reached XP level 3. HP: 29/29 MP: 3/3
   188 | D:5      | Noticed Grinder
   577 | D:4      | Reached skill level 3 in Polearms
   580 | D:4      | Reached skill level 1 in Summonings
   607 | D:4      | Learned a level 1 spell: Summon Small Mammal
   659 | D:4      | Reached skill level 2 in Summonings
   659 | D:4      | Reached XP level 4. HP: 25/35 MP: 1/4
   741 | D:4      | HP: 16/35 [gnoll bouda/+0 whip (3)]
   746 | D:4      | HP: 8/35 [gnoll bouda/+0 whip (5)]
   751 | D:4      | Slain by a gnoll bouda

Illustrated notes

Levels and vault maps discovered:
D:4:      layout_gridville, uniq_edmund
D:5:      layout_layer_cave, kennysheep_mini, serial_park_tiny_1,
          nicolae_shop_clearance, uniq_grinder
D:6:      layout_loops_cross, minmay_temple_entry_statues_fountains

Skill      XL: |  1  2  3 |
---------------+----------+-----
Polearms       | 2 3 |  3.0
Summonings     | 2 |  2.0
Fighting       | |  3.0
Dodging        | |  1.5
Stealth        | |  4.1

Action                   |  1- 3 |  4- 6 || total
-------------------------+-------+-------++-------
Melee: Spear             |    33 |    20 ||    53
 Cast: Summon Small Mamm |     2 |     3 ||     5
Evoke: Wand              |     5 |       ||     5
  Use: Scroll            |     3 |       ||     3
 Stab: Distracted        |     1 |       ||     1
Armor: Leather armour    |    11 |     1 ||    12
Dodge: Dodged            |    20 |     5 ||    25

Table legend: (Time is in decaauts)
 A = Elapsed time spent in this place.
 B = Non-inter-level travel time spent in this place.
 C = Inter-level travel time spent in this place.
 D = Time resting spent in this place.
 E = Time spent auto-exploring this place.
 F = Levels seen in this place.
 G = Mean time per level.
                   A        B        C        D        E       F      G
               +--------+--------+--------+--------+--------+-----+--------+
         Total |    749 |    743 |      6 |    248 |      0 |   3 |  249.7 |
       Dungeon |    749 |    743 |      6 |    248 |      0 |   3 |  249.7 |
               +--------+--------+--------+--------+--------+-----+--------+

Top non-repeatable levels by time:
     D:5: 556 daAuts
     D:4: 191 daAuts
     D:6: 1 daAuts
